[Event "Team 45 45 League T53"]
[Site "Internet Chess Club"]
[Date "2012.07.10"]
[Round "8"]
[White "Goli"]
[Black "Beetlejuice"]
[Result "1/2-1/2"]
[WhiteElo "1883"]
[BlackElo "1788"]
[Opening "Sicilian: Alapin's variation (2.c3)"]
[ECO "B22"]
[Time "15:00:14"]
[TimeControl "2700+45"]

1. e4 c5 2. c3 Nf6 3. e5 Nd5 4. d4 cxd4 5. cxd4 e6 6. Nf3 d6 7. Bc4 dxe5 8. dxe5
Be7 9. O-O O-O 10. Bxd5 Qxd5 11. Qxd5 exd5 12. Nc3 Be6 13. Rd1 Re8 14. Nxd5 Bxd5
15. Rxd5 Nc6 16. Bf4 Rad8 17. Rxd8 Rxd8 18. Kf1 Rd5 19. Ke2 h6 20. Rd1 Rb5 21.
b3 g5 22. Be3 a6 23. g4 Nxe5 24. Nxe5 Rxe5 25. Rd7 b5 26. Ra7 Re6 27. Kf3 Kg7
28. Rd7 Kg6 29. a4 bxa4 30. bxa4 Bb4 31. Rb7 a5 32. Rb5 Rc6 33. Bb6 Rc3+ 34. Kg2
Ra3 35. Bxa5 Bxa5 36. Rxa5 h5 37. Ra6+ f6 38. h3 hxg4 39. hxg4 Kg7 40. a5 Kg6
41. f3 Kg7 42. Ra7+ Kg6 43. Kg3 Kh6 44. a6 Kg6 45. Ra8 Kg7 46. a7 Kh7 47. Rf8
Rxa7 48. Rxf6 Kg7 49. Rf5 Kg6 50. Kf2 Ra3 51. Rd5 Rb3 52. Rd6+ Kg7 53. Ke2 Ra3
54. Rd3 Ra6 55. Ke3 Re6+ 56. Kd4 Rf6 57. Ke5 Rf7 58. Rb3 Kg6 59. Rb6+ Kg7 60.
Ke4 Rf4+ 61. Ke3 Rf7 62. Rb4 Kg6 63. f4 Rxf4 64. Rxf4 gxf4+ 65. Kxf4 Kf6 66. g5+
Kg6 67. Kg4 Kg7 68. Kf5 Kf7 69. g6+ Kg7 70. Kg5 Kg8 71. Kf6 Kf8 72. Ke6 Kg7 73.
Kf5 Kg8 74. Kg5 Kg7 75. Kh5 Kg8 76. Kh6 Kh8 77. Kg5 Kg8 78. Kf6 Kf8 79. g7+ Kg8
80. Kg6 {Black stalemated} 1/2-1/2

[Event "Team 45 45 League T53"]
[Site "Internet Chess Club"]
[Date "2012.07.06"]
[Round "8"]
[White "Nathan-L"]
[Black "Juan73"]
[Result "1/2-1/2"]
[WhiteElo "1685"]
[BlackElo "1689"]
[Opening "QGD: Marshall defense"]
[ECO "D06"]
[Time "19:06:56"]
[TimeControl "2700+45"]

1. d4 d5 2. c4 Nf6 3. Nc3 Nc6 4. Bg5 dxc4 5. e3 Bf5 6. Bxc4 Ne4 7. Nxe4 Bxe4 8.
Nf3 Qd6 9. Qb3 Qb4+ 10. Qxb4 Nxb4 11. Rc1 Bd3 12. Kd2 Bxc4 13. Rxc4 Nc6 14. Ke2
f6 15. Bf4 O-O-O 16. Rd1 e6 17. e4 g5 18. Bg3 h5 19. d5 exd5 20. exd5 h4 21.
dxc6 Re8+ 22. Kd3 hxg3 23. hxg3 b6 24. Kc2 Bc5 25. Rd2 Rh1 26. Nd4 Ree1 27. Nb3
Bd6 28. Rcd4 Rhg1 29. f3 Rh1 30. g4 Rh2 31. Nc1 Rg1 32. Re4 Rh8 33. Rde2 Kd8 34.
Nd3 Rgh1 35. Re6 Rf8 36. Nf2 Rh7 37. Ne4 Be5 38. Nxg5 Re7 39. Rxe7 Kxe7 40. f4
fxg5 41. Rxe5+ Kd6 42. Rxg5 Rxf4 43. Rg6+ Ke7 44. Kd3 Rf2 45. Rg7+ Kd6 46. Rg6+
Ke7 47. Kc3 Rxg2 48. a3 Rg1 49. g5 Kf7 50. Rf6+ Ke7 51. Rg6 Rf1 52. Rh6 Rf5 53.
g6 Kf8 54. Kb3 Kg7 55. Rh7+ Kxg6 56. Rxc7 Rc5 57. Ka4 Ra5+ 58. Kb3 Kf6 59. Ka2
a6 60. b4 Rd5 61. Rb7 Ke6 62. Rxb6 a5 63. b5 Kd6 64. Ra6 Rxb5 65. a4 Rc5 66. Kb3
Kd5 67. c7 Rxc7 68. Rxa5+ Kc6 69. Rh5 Rb7+ 70. Kc4 Kb6 71. Kd5 Rd7+ 72. Kc4 Rc7+
73. Kb4 Rc6 74. Rh8 Kb7 75. Rh7+ Kb6 76. a5+ Ka6 77. Rd7 Rg6 78. Rd5 Rg4+ 79.
Kb3 Rg3+ 80. Kc4 Rg4+ 81. Kc5 Kxa5 82. Kc6+ Kb4 83. Rb5+ Ka4 84. Rb8 Rg6+ 85.
Kc5 Rg5+ 86. Kd4 Rg4+ 87. Ke5 Rg5+ 88. Kf4 Rg1 89. Kf3 Ka5 90. Kf2 Rg5 91. Ke3
Rb5 92. Rc8 Kb6 {Game drawn by mutual agreement} 1/2-1/2

[Event "Team 45 45 League T53"]
[Site "Internet Chess Club"]
[Date "2012.07.06"]
[Round "8"]
[White "Heian"]
[Black "Manch"]
[Result "1-0"]
[WhiteElo "1778"]
[BlackElo "1628"]
[Opening "Sicilian defense"]
[ECO "B40"]
[Time "16:09:04"]
[TimeControl "2700+45"]

1. e4 c5 2. Nf3 e6 3. c3 a6 4. d4 cxd4 5. cxd4 Nf6 6. Nc3 Be7 7. Bd3 b5 8. a3
Bb7 9. b4 d6 10. Bd2 O-O 11. Qe2 Nc6 12. h3 Rc8 13. Rc1 Re8 14. O-O e5 15. d5
Nd4 16. Qd1 Nxf3+ 17. Qxf3 h6 18. Ne2 Nh7 19. Ng3 Bg5 20. Rxc8 Bxc8 21. Be3 Bxe3
22. fxe3 Ng5 23. Qf2 Bxh3 24. Kh2 Bg4 25. Nf5 Bxf5 26. exf5 e4 27. Be2 Re5 28.
f6 Rxd5 29. Bh5 g6 30. Bxg6 fxg6 31. Qa2 Qa8 32. Rd1 Kh7 33. Rxd5 Qe8 34. Qc2
Qe6 35. Rxg5 hxg5 36. Qc7+ Kh6 37. Qg7+ Kh5 38. Qh7+ Kg4 39. Qh3# {Black
checkmated} 1-0

[Event "Team 45 45 League T53"]
[Site "Internet Chess Club"]
[Date "2012.07.07"]
[Round "8"]
[White "mongmong"]
[Black "calily"]
[Result "1-0"]
[WhiteElo "1702"]
[BlackElo "1583"]
[Opening "Queen's pawn game"]
[ECO "D05"]
[Time "06:05:22"]
[TimeControl "2700+45"]

1. d4 Nf6 2. Nf3 d5 3. e3 e6 4. Bd3 Bd6 5. Nbd2 c5 6. c3 c4 7. Bc2 O-O 8. O-O
Nc6 9. Re1 b5 10. e4 dxe4 11. Nxe4 Nxe4 12. Bxe4 Bb7 13. Qe2 Re8 14. Bd2 Qc7 15.
Ne5 Rad8 16. Rad1 f6 17. Bxc6 Bxc6 18. Nxc6 Qxc6 19. h3 e5 20. dxe5 Bxe5 21. Be3
Qc7 22. Rxd8 Rxd8 23. Rd1 Re8 24. Qf3 Rd8 25. Qe2 a5 26. Rd2 f5 27. Qd1 Rxd2 28.
Qxd2 f4 29. Qd5+ Kf8 30. Bc5+ Ke8 31. Qe6+ Kd8 32. Bb6 {Black resigns} 1-0

[Event "Team 45 45 League T53"]
[Site "Internet Chess Club"]
[Date "2012.07.05"]
[Round "8"]
[White "PANAMA-REY"]
[Black "KyleMayhugh"]
[Result "0-1"]
[WhiteElo "1399"]
[BlackElo "1597"]
[Opening "Four knights: Italian variation"]
[ECO "C55"]
[Time "15:10:05"]
[TimeControl "2700+45"]

1. e4 e5 2. Nf3 Nc6 3. Bc4 Nf6 4. Nc3 Bb4 5. d3 d5 6. exd5 Nxd5 7. Bxd5 Qxd5 8.
h3 O-O 9. O-O Qd8 10. Bg5 f6 11. Be3 Be6 12. Nh2 Qd7 13. f4 exf4 14. Bxf4 Qd4+
15. Kh1 Bxc3 16. bxc3 Qxc3 17. Bd2 Qd4 18. Nf3 Qd7 19. Qe1 Rfe8 20. Qg3 Ne7 21.
Bh6 Nf5 22. Qf4 Nxh6 23. Rae1 Bxa2 24. Nd4 Rxe1 25. Rxe1 Bd5 26. c4 Bc6 27. Qe3
Re8 28. Ne6 Kf7 29. Qd4 Qxd4 30. Nxd4 Rxe1+ 31. Kh2 Rd1 {White resigns} 0-1

[Event "Team 45 45 League T53"]
[Site "Internet Chess Club"]
[Date "2012.07.07"]
[Round "8"]
[White "flyingpawns"]
[Black "AVEMARIA"]
[Result "1-0"]
[WhiteElo "1878"]
[BlackElo "1699"]
[Opening "QGD Slav: Dutch variation"]
[ECO "D18"]
[Time "20:01:23"]
[TimeControl "2700+45"]

1. d4 d5 2. c4 c6 3. Nc3 dxc4 4. a4 Nf6 5. e3 Bf5 6. Bxc4 e6 7. Nf3 Bb4 8. O-O
O-O 9. h3 h6 10. Qb3 a5 11. Bd2 Nbd7 12. Rfe1 Nb6 13. Rac1 Nxc4 14. Qxc4 Bxc3
15. Bxc3 Be4 16. Nd2 Qd5 17. Qf1 Bg6 18. f3 b5 19. e4 Qd7 20. b3 Rfe8 21. f4 Qb7
22. d5 Qb6+ 23. Kh1 Nh5 24. Qf3 cxd5 25. exd5 exd5 26. f5 Bxf5 27. Qxh5 Rxe1+
28. Rxe1 Qf2 29. Rf1 Bg6 30. Qe5 {Black resigns} 1-0

[Event "Team 45 45 League T53"]
[Site "Internet Chess Club"]
[Date "2012.07.09"]
[Round "8"]
[White "krysto"]
[Black "whiskeytown"]
[Result "0-1"]
[WhiteElo "1603"]
[BlackElo "1458"]
[Opening "King's Indian: orthodox, Aronin-Taimanov, bayonet attack"]
[ECO "E97"]
[Time "13:03:59"]
[TimeControl "2700+45"]

1. d4 Nf6 2. c4 g6 3. Nc3 Bg7 4. e4 d6 5. Nf3 O-O 6. Be2 e5 7. O-O Nc6 8. d5 Ne7
9. b4 a6 10. Ne1 Ne8 11. f3 f5 12. Be3 Nf6 13. Nd3 Bd7 14. a4 Kh8 15. c5 Neg8
16. Qb3 Bh6 17. Bf2 Ne7 18. b5 a5 19. c6 bxc6 20. bxc6 fxe4 21. fxe4 Bg4 22. Qc2
Qc8 23. Nb2 Bxe2 24. Qxe2 Qg4 25. Qc2 Bf4 26. h3 Qg5 27. Qe2 Rab8 28. Nb5 Rfc8
29. Nc4 Nh5 30. Nxa5 Ng3 31. Bxg3 Qxg3 32. Rf3 Qh2+ 33. Kf2 Rf8 34. Nb7 Nxd5 35.
exd5 e4 36. Qxe4 Rbe8 37. Qd4+ Be5 38. Qd3 Bg3+ 39. Kf1 Qh1# {White checkmated}
0-1

[Event "Team 45 45 League T53"]
[Site "Internet Chess Club"]
[Date "2012.07.05"]
[Round "8"]
[White "jhbchess"]
[Black "quotha"]
[Result "1-0"]
[WhiteElo "1727"]
[BlackElo "1622"]
[Opening "Réti: King's Indian attack (Barcza system)"]
[ECO "A07"]
[Time "15:14:08"]
[TimeControl "2700+45"]

1. Nf3 d5 2. g3 Nf6 3. Bg2 h6 4. O-O Bf5 5. d3 Nbd7 6. Nbd2 e5 7. e4 dxe4 8.
dxe4 Bh7 9. Qe2 Bc5 10. Kh1 O-O 11. h4 c6 12. Bh3 Qb6 13. g4 Qc7 14. g5 hxg5 15.
hxg5 Nh5 16. Nb3 Bb6 17. Bf5 Bxf5 18. exf5 g6 19. a4 a5 20. Nh4 c5 21. Qc4 Qc6+
22. Kg1 Kh7 23. Rd1 Rae8 24. Bd2 e4 25. Bxa5 Ne5 26. Qb5 Qxb5 27. axb5 c4 28.
Bxb6 cxb3 29. cxb3 Nf3+ 30. Nxf3 exf3 31. Bc5 Rg8 32. f6 Re5 33. Be3 Nxf6 34.
gxf6 g5 35. Rd7 Kg6 36. Rxb7 Rh8 37. b6 Rh4 38. Ra4 g4 39. Rb8 Reh5 40. Rg8+
Kxf6 41. Bg5+ Rxg5 42. Rxg5 Kxg5 43. b7 Rh8 44. Ra8 Rh6 45. b8=Q Re6 46. Ra5+
{Black resigns} 1-0

[Event "Team 45 45 League T53"]
[Site "Internet Chess Club"]
[Date "2012.07.05"]
[Round "8"]
[White "mnrunner"]
[Black "fireball"]
[Result "1-0"]
[WhiteElo "1621"]
[BlackElo "1725"]
[Opening "French: MacCutcheon, Tartakower variation"]
[ECO "C12"]
[Time "22:02:13"]
[TimeControl "2700+45"]

1. e4 e6 2. d4 d5 3. Nc3 Nf6 4. Bg5 Bb4 5. e5 h6 6. Bd2 Nfd7 7. Nf3 c5 8. a3 Ba5
9. dxc5 Nc6 10. b4 Bc7 11. Bd3 Ncxe5 12. Nxe5 Nxe5 13. O-O Qh4 14. g3 Qf6 15.
Be2 Bd7 16. Re1 a6 17. Be3 Nc6 18. b5 Qxc3 19. bxc6 Bxc6 20. Bd4 Qa5 21. Bxg7
Rg8 22. Bxh6 Qxc5 23. Be3 Qe7 24. Bf3 O-O-O 25. Bg2 d4 26. Bd2 Bxg2 27. Kxg2 Qh4
28. Qf3 Rd7 29. Re4 Qh7 30. Rc1 Rd5 31. Rg4 Rxg4 32. Qxg4 f5 33. Qh4 Qxh4 34.
gxh4 f4 35. Kf3 e5 36. h5 e4+ 37. Kxe4 Rxh5 38. Rg1 Rxh2 39. Rg8+ Kd7 40. Rg7+
Kc6 41. Rxc7+ Kb6 42. Bxf4 Rxf2 43. Rc4 Kb5 44. Rb4+ Kc6 45. Rc4+ Kb5 46. Rc8
Ka4 47. Bd6 Re2+ 48. Kd3 Re1 49. Rc4+ Kb5 50. Rxd4 Kc6 51. Kc4 Rc1 52. Kb3 Rb1+
53. Ka4 Rb5 54. c4 Rh5 55. Kb4 b5 56. c5 Rh3 57. a4 Rh1 58. axb5+ axb5 59. Bf8
Rb1+ 60. Kc3 Rc1+ 61. Kb2 Rxc5 62. Bxc5 Kxc5 63. Kc3 Kb6 64. Kb4 Kc6 65. Rd3 Kb6
66. Rc3 Ka6 67. Rc6+ Kb7 68. Kxb5 Ka7 69. Rc7+ Kb8 70. Kb6 {Black resigns} 1-0

[Event "Team 45 45 League T53"]
[Site "Internet Chess Club"]
[Date "2012.07.10"]
[Round "8"]
[White "nidusin2"]
[Black "rookmaster23"]
[Result "0-1"]
[WhiteElo "1588"]
[BlackElo "1629"]
[Opening "Sicilian: Najdorf, Opocensky variation"]
[ECO "B92"]
[Time "08:33:48"]
[TimeControl "2700+45"]

1. e4 c5 2. Nf3 d6 3. d4 cxd4 4. Nxd4 Nf6 5. Nc3 a6 6. Be2 e5 7. Nb3 Be7 8. Be3
O-O 9. g4 b5 10. g5 Ne8 11. Qd2 Bb7 12. O-O-O Nd7 13. Nd5 Bxd5 14. exd5 Nb6 15.
Na5 Qc7 16. Nc6 Nc4 17. Bxc4 bxc4 18. Qc3 Qd7 19. Qxc4 Nc7 20. Rd3 Rfc8 21. Rb3
Nxd5 22. Qxd5 Qxc6 23. Qxc6 Rxc6 24. Rd1 Rac8 25. c3 f5 26. gxf6 Bxf6 27. f3 Kf7
28. Kc2 Ke6 29. Rb6 Rxb6 30. Bxb6 d5 31. Kd3 Rb8 32. Be3 Rxb2 33. Rd2 Rxd2+ 34.
Bxd2 Kf5 35. a4 Bg5 36. Be1 h6 37. h4 Bf6 38. Bf2 Kf4 39. Ke2 g5 40. Be3+ Kg3
41. Bf2+ Kg2 42. h5 Bd8 43. Be1 Ba5 44. Bd2 Kh3 45. Be1 g4 46. fxg4 Kxg4 47. c4
Bxe1 48. cxd5 Ba5 49. Kd3 Kxh5 50. Ke4 Kg5 51. Kxe5 h5 52. d6 h4 53. Ke4 Kg4 54.
d7 h3 55. Ke3 h2 {White resigns} 0-1

[Event "Team 45 45 League T53"]
[Site "Internet Chess Club"]
[Date "2012.07.07"]
[Round "8"]
[White "dschesq"]
[Black "monkeyshark"]
[Result "1/2-1/2"]
[WhiteElo "1553"]
[BlackElo "1507"]
[Opening "Réti: advance variation"]
[ECO "A09"]
[Time "13:07:40"]
[TimeControl "2700+45"]

1. Nf3 d5 2. c4 d4 3. b4 f6 4. e3 e5 5. exd4 exd4 6. Qa4+ Bd7 7. b5 Qe7+ 8. Kd1
c5 9. Bd3 Qd6 10. Re1+ Ne7 11. Na3 g6 12. Nc2 Bg7 13. Ba3 O-O 14. Ncxd4 f5 15.
Nxf5 gxf5 16. Bxc5 Qxc5 17. Rc1 Ng6 18. Ng5 Qxf2 19. Ne6 Bxe6 20. Rxe6 Nf4 21.
Rd6 Nxd3 22. Rxd3 Qxg2 23. h4 Qg4+ 24. Kc2 Qxh4 25. Qb3 Qe7 26. Re3 Qf7 27. Rce1
Bf6 28. Rh3 Bd4 29. Reh1 Nd7 30. Qd3 Ne5 31. Qxd4 Qxc4+ 32. Qxc4+ Nxc4 33. Rxh7
Na3+ 34. Kb3 Nxb5 35. Rxb7 Rab8 36. Rg1+ Kh8 37. Rh1+ Kg8 38. Rg1+ Kh8 39. Rh1+
Kg8 40. Rg1+ {Game drawn by repetition} 1/2-1/2

[Event "Team 45 45 League T53"]
[Site "Internet Chess Club"]
[Date "2012.07.07"]
[Round "8"]
[White "az2112"]
[Black "crazyhorses"]
[Result "1-0"]
[WhiteElo "1715"]
[BlackElo "1485"]
[Opening "Sicilian: dragon variation"]
[ECO "B70"]
[Time "11:00:57"]
[TimeControl "2700+45"]

1. e4 c5 2. Nf3 d6 3. d4 cxd4 4. Nxd4 Nf6 5. Nc3 g6 6. Bc4 Bg7 7. Bb3 O-O 8. f3
Nc6 9. Nde2 Bd7 10. Be3 Rc8 11. Qd2 a6 12. Bh6 Na5 13. Bxg7 Kxg7 14. g4 Nxb3 15.
axb3 Qc7 16. h4 Qc5 17. O-O-O Bc6 18. Ng3 b5 19. h5 Rh8 20. hxg6 hxg6 21. Nf5+
{Black resigns} 1-0

[Event "Team 45 45 League T53"]
[Site "Internet Chess Club"]
[Date "2012.07.06"]
[Round "8"]
[White "Rhel"]
[Black "powerchess1"]
[Result "1-0"]
[WhiteElo "1667"]
[BlackElo "1675"]
[Opening "French: Steinitz, Boleslavsky variation"]
[ECO "C11"]
[Time "16:02:10"]
[TimeControl "2700+45"]

1. d4 e6 2. e4 d5 3. Nc3 Nf6 4. e5 Nfd7 5. f4 c5 6. Nf3 Nc6 7. Be3 cxd4 8. Nxd4
Nxd4 9. Bxd4 a6 10. a3 Bc5 11. Bxc5 Nxc5 12. Qd4 b6 13. Be2 O-O 14. O-O f6 15.
exf6 Rxf6 16. b4 Nd7 17. Rad1 Bb7 18. Ne4 dxe4 19. Qxd7 Qxd7 20. Rxd7 Bc6 21.
Rd6 Ba4 22. Rxb6 Bxc2 23. Rxa6 Rxa6 24. Bxa6 Bd3 25. Bxd3 exd3 26. Rd1 Rxf4 27.
Rxd3 Kf7 28. Rf3 g5 29. Rxf4+ gxf4 30. Kf2 Ke7 31. Kf3 e5 32. Ke4 Kd6 33. a4 h5
34. h4 {Black resigns} 1-0

[Event "Team 45 45 League T53"]
[Site "Internet Chess Club"]
[Date "2012.07.08"]
[Round "8"]
[White "spongenotbob"]
[Black "Whalen"]
[Result "0-1"]
[WhiteElo "1722"]
[BlackElo "1668"]
[Opening "QGA: 3.e4"]
[ECO "D20"]
[Time "17:00:24"]
[TimeControl "2700+45"]

1. d4 d5 2. c4 dxc4 3. e4 e5 4. Nf3 exd4 5. Qxd4 Qxd4 6. Nxd4 Nf6 7. f3 Bc5 8.
Nb5 Na6 9. Bxc4 c6 10. N5c3 b5 11. Bb3 O-O 12. Ke2 Re8 13. Be3 Bf5 14. Bxc5 Nxc5
15. Nd2 Rad8 16. Bc2 Bg6 17. Rad1 Nd5 18. Nxd5 cxd5 19. Kf2 dxe4 20. Nxe4 Bxe4
21. Bxe4 Nxe4+ 22. fxe4 Rc8 23. Rd7 Rc2+ 24. Kf3 a5 25. Rb1 g6 26. Rd5 Rb8 27.
a4 bxa4 28. Rxa5 Rb3+ 29. Kf4 Rxg2 30. Rxa4 Rxh2 31. Ra3 Rbxb2 32. Rxb2 Rxb2 33.
Rh3 f6 34. Kg4 Rb4 35. Re3 f5+ 36. Kf3 fxe4+ 37. Rxe4 Rxe4 38. Kxe4 Kg7 39. Kf4
Kf6 40. Kg4 h6 41. Kh4 Kf5 42. Kg3 Kg5 43. Kh3 Kf4 44. Kh4 g5+ 45. Kh3 Kf3 46.
Kh2 g4 47. Kg1 Kg3 48. Kh1 Kf2 49. Kh2 g3+ {White resigns} 0-1

[Event "Team 45 45 League T53"]
[Site "Internet Chess Club"]
[Date "2012.07.06"]
[Round "8"]
[White "KnightDwarf"]
[Black "drsigmund1"]
[Result "0-1"]
[WhiteElo "1552"]
[BlackElo "1560"]
[Opening "QGD Slav: 4.Nc3"]
[ECO "D15"]
[Time "13:00:15"]
[TimeControl "2700+45"]

1. d4 d5 2. c4 c6 3. Nc3 Nf6 4. Nf3 a6 5. e3 b5 6. cxd5 cxd5 7. Bd3 Bb7 8. O-O
e6 9. Bd2 Be7 10. Rc1 O-O 11. a4 b4 12. Ne2 Ne4 13. Qc2 Bd6 14. Rfd1 Nd7 15. Ng3
Ndf6 16. Nxe4 dxe4 17. Bf1 exf3 18. gxf3 Bxf3 19. Bg2 Bxg2 20. Kxg2 Nh5 21. Rg1
Qh4 22. h3 Nf6 23. f3 Qg3+ 24. Kf1 Qxf3+ 25. Ke1 Bg3+ 26. Rxg3 Qxg3+ 27. Kf1
Qxh3+ {White resigns} 0-1

[Event "Team 45 45 League T53"]
[Site "Internet Chess Club"]
[Date "2012.07.09"]
[Round "8"]
[White "gareth"]
[Black "Uwak"]
[Result "1/2-1/2"]
[WhiteElo "2196"]
[BlackElo "2461"]
[Opening "Richter-Veresov attack"]
[ECO "D01"]
[Time "10:00:34"]
[TimeControl "2700+45"]

1. d4 Nf6 2. Nc3 d5 3. Bg5 c5 4. e3 cxd4 5. exd4 Nc6 6. Nf3 g6 7. Bd3 Bg7 8. Qd2
O-O 9. O-O Nh5 10. Rae1 Re8 11. Bb5 Bf5 12. h3 Nf6 13. Ne5 Qb6 14. a4 Rec8 15.
Bxc6 bxc6 16. b3 a5 17. Be3 Re8 18. Nf3 Rad8 19. Rd1 Ne4 20. Nxe4 dxe4 21. Ne5
Bxe5 22. dxe5 Rxd2 23. Bxb6 Rxc2 24. Bxa5 Be6 25. b4 Bb3 26. Rd8 Kf8 27. Rfd1
Bd5 28. Rxe8+ Kxe8 29. Bb6 Ra2 30. a5 Kd7 31. Bc5 Ke6 32. Bd4 Ra3 33. Rc1 Ra4
34. Rb1 Bc4 35. Bc5 Bd3 36. Rc1 Ra2 37. Bd4 Kd5 38. Bc5 Ke6 39. Bd4 Bb5 40. Re1
h5 41. h4 Kd5 42. Bc5 e6 43. Bd6 f5 44. Rd1+ Bd3 45. Rc1 f4 46. Rc5+ Kd4 47.
Rxc6 e3 48. fxe3+ fxe3 49. Bc5+ Ke4 50. Rxe6 Ra1+ 51. Kh2 Rf1 52. Bxe3 Kxe3 53.
a6 Ra1 54. b5 Ra4 55. b6 Rxh4+ 56. Kg1 Bxa6 57. Rxg6 Re4 58. Rg5 Kf4 59. Rxh5
Re1+ 60. Kh2 Rb1 61. e6 Rxb6 62. g3+ Ke4 63. e7 Re6 64. Rh7 Kf5 65. Kh3 Kg6 66.
Rh8 Rxe7 67. Kg4 Re4+ 68. Kf3 Bb7 69. Rb8 Bc6 70. Rb6 Rc4+ 71. Ke3 Kf5 72. Rb2
Rc3+ 73. Kd4 Rxg3 74. Rf2+ Ke6 75. Kc5 Bf3 76. Kd4 Rg4+ 77. Ke3 Bd5 78. Rf4 Rg3+
79. Kd4 Kd6 80. Rf6+ Be6 81. Rf4 Ra3 82. Rf6 Ra4+ 83. Ke3 Ke5 84. Rh6 Ra3+ 85.
Kd2 Bf5 86. Rh5 Rd3+ 87. Ke2 Rb3 88. Kd2 Kf4 89. Rh4+ Kf3 90. Rh1 Rd3+ 91. Kc2
Ra3+ 92. Kb2 Re3 93. Rf1+ Ke4 94. Rd1 Ke5 95. Ra1 Be4 96. Ra5+ Kd4 97. Ra4+ Kc5
98. Ra3 Re2+ 99. Kc3 Bc6 100. Ra5+ Bb5 101. Ra1 Re3+ 102. Kd2 Kd4 103. Re1 Rh3
104. Re7 Rh2+ 105. Ke1 Bc4 106. Rd7+ Kc3 107. Re7 Bd3 108. Rc7+ Kd4 109. Kd1 Ke3
110. Kc1 Rf2 111. Re7+ Be4 112. Rc7 Ra2 113. Rc3+ Bd3 114. Rc7 Kd4 115. Rd7+ Kc3
116. Rc7+ Bc4 117. Rb7 Rf2 118. Rd7 Rh2 119. Rd8 Ra2 120. Rb8 Ba6 121. Rb6 Bd3
122. Rc6+ Bc4 123. Rb6 Rc2+ 124. Kd1 {Game drawn by the 50 move rule} 1/2-1/2

[Event "Team 45 45 League T53"]
[Site "Internet Chess Club"]
[Date "2012.07.09"]
[Round "8"]
[White "searchforbobby1"]
[Black "Pomberito"]
[Result "1/2-1/2"]
[WhiteElo "2156"]
[BlackElo "2094"]
[Opening "Ponziani opening"]
[ECO "C44"]
[Time "20:10:11"]
[TimeControl "2700+45"]

1. e4 e5 2. Nf3 Nc6 3. c3 d5 4. Qa4 dxe4 5. Nxe5 Nf6 6. Bc4 Be6 7. Nxc6 bxc6 8.
Bxe6 fxe6 9. Qxc6+ Kf7 10. f3 exf3 11. Qxf3 Bd6 12. d4 Rb8 13. O-O Rf8 14. Nd2
Kg8 15. Qh3 Qe7 16. Nf3 h6 17. Re1 Rbe8 18. Bd2 Nd5 19. Ne5 Rf5 20. Nc4 Qd7 21.
Nxd6 cxd6 22. Re2 Ref8 23. g3 Qb5 24. Rae1 Qd3 25. Qg2 R8f6 26. Rxe6 Rxe6 27.
Rxe6 Qb1+ 28. Re1 Qxa2 29. Qe4 Rf6 30. Bc1 Qc4 31. Qe2 Qb3 32. Qd3 Nb6 33. Kg2
Qd5+ 34. Qe4 Qb3 35. Qe8+ Kh7 36. Kg1 Nd5 37. Qe2 Nb6 38. Qd3+ Kg8 39. Re8+ Kf7
40. Re2 Nd5 41. Qe4 Kg8 42. Kg2 Qc4 43. Rf2 Rxf2+ 44. Kxf2 Nf6 45. Qe2 Qd5 46.
Qf3 Qb3 47. Qe2 Qd5 48. Ke1 a5 49. Bf4 Qh1+ 50. Kd2 Qb1 51. Ke3 d5 52. Be5 Qe4+
53. Kd2 Qb1 54. Ke3 Qe4+ 55. Kd2 Qb1 56. Bxf6 Qxb2+ 57. Kd3 Qb1+ 58. Ke3 gxf6
59. Qg4+ Kf8 60. Qc8+ Kg7 61. Qc7+ Kg6 62. Qxa5 Qe1+ 63. Kd3 Qd1+ 64. Ke3 Qe1+
65. Kf3 Qf1+ 66. Ke3 Qe1+ {Game drawn by repetition} 1/2-1/2

[Event "Team 45 45 League T53"]
[Site "Internet Chess Club"]
[Date "2012.07.08"]
[Round "8"]
[White "MarioFrank"]
[Black "Burning-Bush"]
[Result "0-1"]
[WhiteElo "1992"]
[BlackElo "1980"]
[Opening "Réti: King's Indian attack (Barcza system)"]
[ECO "A07"]
[Time "19:15:10"]
[TimeControl "2700+45"]

1. Nf3 d5 2. g3 Bg4 3. Bg2 Nf6 4. O-O Qc8 5. c4 c6 6. cxd5 cxd5 7. Ne5 Nc6 8.
Nxg4 Qxg4 9. Nc3 Qd7 10. d4 e6 11. Bf4 Be7 12. a3 O-O 13. b4 Nh5 14. e3 Nxf4 15.
gxf4 Rac8 16. Qd3 g6 17. Rfc1 Bf6 18. Ra2 Ne7 19. Ne2 Rxc1+ 20. Nxc1 Rc8 21. Rc2
Qa4 22. Rxc8+ Nxc8 23. Bf3 Nd6 24. Bd1 Qc6 25. Na2 b5 26. Qc3 Nc4 27. Be2 Qa6
28. Bxc4 dxc4 29. Kf1 Qc6 30. Ke2 Qg2 31. Qe1 Qxh2 32. Nc3 Be7 33. Kd2 a6 34.
Ne4 h5 35. Nc5 h4 36. Nxa6 Qg2 37. a4 h3 38. axb5 h2 39. Nc5 h1=Q {White
resigns} 0-1

[Event "Team 45 45 League T53"]
[Site "Internet Chess Club"]
[Date "2012.07.08"]
[Round "8"]
[White "boknoy"]
[Black "robertoalvarez"]
[Result "0-1"]
[WhiteElo "1955"]
[BlackElo "2193"]
[Opening "French: advance variation"]
[ECO "C02"]
[Time "13:05:23"]
[TimeControl "2700+45"]

1. e4 e6 2. d4 d5 3. e5 c5 4. c3 Qb6 5. a3 a5 6. Nf3 a4 7. Bd3 Bd7 8. dxc5 Bxc5
9. Qe2 Nc6 10. O-O Nge7 11. h4 Nf5 12. Kh2 h6 13. g4 Nfe7 14. Nbd2 Ng6 15. Bxg6
fxg6 16. Qd3 O-O 17. c4 Qc7 18. cxd5 Nxe5 19. Nxe5 Qxe5+ 20. Qg3 Qxd5 21. Nb1
Rf3 22. Nc3 Qc6 23. Qg2 Qc7+ {White resigns} 0-1

[Event "Team 45 45 League T53"]
[Site "Internet Chess Club"]
[Date "2012.07.06"]
[Round "8"]
[White "Morovon23"]
[Black "Zkid"]
[Result "1/2-1/2"]
[WhiteElo "2376"]
[BlackElo "2320"]
[Opening "QGD Slav: 4.e3 Bf5"]
[ECO "D12"]
[Time "23:01:57"]
[TimeControl "2700+45"]

1. d4 d5 2. Nf3 Nf6 3. c4 c6 4. e3 Bf5 5. Nc3 e6 6. Nh4 Bg4 7. Qb3 Qc7 8. h3 Bh5
9. Bd2 Nbd7 10. cxd5 Nxd5 11. Nxd5 exd5 12. Bd3 Bg6 13. Nxg6 hxg6 14. O-O-O
O-O-O 15. Kb1 Kb8 16. Rc1 Be7 17. Rc2 Nf6 18. Rhc1 Ka8 19. f3 Rhe8 20. Qa4 Qb8
21. Rc3 Rc8 22. Rb3 Qg3 23. e4 dxe4 24. fxe4 Qxg2 25. Be3 Nxe4 26. d5 Bc5 27.
Bxc5 Nxc5 28. Rxc5 Re1+ 29. Rc1 Rxc1+ 30. Kxc1 Qg1+ 31. Kd2 Qg5+ 32. Kd1 Qg1+
33. Kd2 Qg5+ 34. Kd1 Qg1+ 35. Kd2 Qg5+ 36. Kd1 {Game drawn by repetition}
1/2-1/2

[Event "Team 45 45 League T53"]
[Site "Internet Chess Club"]
[Date "2012.07.09"]
[Round "8"]
[White "Pacini"]
[Black "MikeA"]
[Result "1/2-1/2"]
[WhiteElo "2153"]
[BlackElo "2214"]
[Opening "Sicilian: Alapin's variation (2.c3)"]
[ECO "B22"]
[Time "20:10:26"]
[TimeControl "2700+45"]

1. e4 c5 2. c3 d6 3. d4 Nf6 4. Bd3 g6 5. h3 Bg7 6. Nf3 O-O 7. O-O Nc6 8. d5 Ne5
9. Nxe5 dxe5 10. Be3 c4 11. Bc2 Bd7 12. Nd2 Bb5 13. a4 Ba6 14. Qe2 Qc7 15. a5
Bb5 16. Rfc1 a6 17. Bb6 Qc8 18. Qe3 e6 19. dxe6 fxe6 20. b3 cxb3 21. Bxb3 Re8
22. c4 Bc6 23. Ba4 Bxa4 24. Rxa4 Qc6 25. Ra2 Rac8 26. c5 Nd7 27. Rb2 Bh8 28. Rb4
Rf8 29. Nf3 Bf6 30. Ne1 Be7 31. Nd3 Bf6 32. Rd1 Be7 33. Rc1 Rf7 34. f3 Kg7 35.
Kh1 Bh4 36. Rcb1 Ra8 37. Rd1 Raf8 38. Qd2 Ra8 39. Kh2 Bf6 40. Qb2 h5 41. Qc3 Rh8
42. Rdb1 Ra8 43. R4b3 h4 44. Qc4 Bg5 45. Nb4 Qc8 46. c6 bxc6 47. Nxc6 Bf4+ 48.
Kh1 Nb8 49. Nxe5 Qxc4 50. Nxc4 Nc6 51. Rd1 g5 52. Rbd3 Re7 53. Ne3 Ne5 54. Rc3
Kg6 55. Nc4 Nxc4 56. Rxc4 Ree8 57. Rd3 Rac8 58. Rdc3 Rb8 59. Kg1 Be5 60. Rc2 Kf6
61. Kf2 Re7 62. Ke2 Rd7 63. Rc6 Rd6 64. Rc7 Bd4 65. Bxd4+ Rxd4 66. R7c6 Ra4 67.
Rxa6 Rb3 68. Kf2 Ra1 69. e5+ Kxe5 70. Re2+ Kf5 71. Raxe6 Rxa5 72. g4+ hxg3+ 73.
Kxg3 Rab5 74. Re8 Rb1 75. Rf8+ Kg6 76. Re6+ Kg7 77. Rc8 Rf5 78. Rc7+ Rf7 79.
Rxf7+ Kxf7 80. Rc6 Rg1+ 81. Kf2 Rd1 82. Kg2 Rd2+ 83. Kg3 Rd1 84. Rh6 Rg1+ 85.
Kf2 Rc1 86. Ke3 Re1+ 87. Kf2 Rc1 88. Rb6 Rc2+ 89. Kg3 Rc1 90. Rh6 Rg1+ 91. Kf2
Rc1 {Game drawn by repetition} 1/2-1/2